 Dungeon Crawl Stone Soup version 0.31.0-9-g3a7656b989 (webtiles) character file.

Game seed: 101471623617254539

90 qw the Shooter (level 4, -12/22 HPs)
             Began as a Spriggan Hunter on Feb 3, 2024.
             Killed by divine providence
             ... invoked by an orc priest
              (13 damage)
             ... on level 3 of the Dungeon.
             The game lasted 00:00:09 (1419 turns).

qw the Shooter (Spriggan Hunter)                    Turns: 1419, Time: 00:00:10

Health: -12/22     AC:  2    Str:  7    XL:     4   Next: 32%
Magic:  5/5        EV: 19    Int: 10    God:
Gold:   40         SH:  0    Dex: 20    Spells: 3/3 levels left

rFire   . . .        a - +0 shortbow
rCold   . . .        (shield currently unavailable)
rNeg    . . .        c - +0 robe
rPois   +            (helmet restricted)
rElec   .            (no cloak)
rCorr   .            (gloves unavailable)
SInv    +            (boots unavailable)
Will    .....        (no amulet)
Stlth   ++           e - ring of poison resistance
HPRegen 0.23/turn    (no ring)
MPRegen 0.09/turn

%: no passive effects
@: very quick
A: very small, no large weapons, unfitting armour, see invisible, speed 3
a: no special abilities


You were on level 3 of the Dungeon.
You visited 1 branch of the dungeon, and saw 3 of its levels.

You collected 107 gold pieces.
You spent 67 gold pieces at shops.


Innate Abilities, Weirdness & Mutations

You are very small and have problems with some larger weapons.
You are too small for most types of armour.
You have supernaturally acute eyesight. (SInv)
You cover ground extremely quickly. (Speed+++)


   Skills:
 - Level 1.5 Fighting
 - Level 5.3 Ranged Weapons
 + Level 4.0 Dodging
 - Level 1.5 Stealth


You had 3 spell levels left.
You didn't know any spells.
Your spell library was empty.

Inventory:

Hand Weapons
 a - a +0 shortbow (weapon)
Armour
 c - a +0 robe (worn)
Jewellery
 e - a ring of poison resistance (left hand)
Potions
 d - a potion of haste {unknown}
 h - a potion of mutation {unknown}

Dungeon Overview and Level Annotations

Branches:
Dungeon (3/15)

Altars:

Shops:
D:1 [   D:2 [*([*


Message History

You shoot an arrow.
The arrow hits the orc wizard but does no damage.
You shoot an arrow. The arrow hits the orc wizard.
The orc wizard is moderately wounded.
You shoot an arrow. The arrow barely misses the orc wizard.
You shoot an arrow. The arrow misses the orc wizard.
An orc priest comes into view. It is wielding a +0 morningstar.
You shoot an arrow. The arrow barely misses the orc wizard.
The orc wizard hits you with a +0 dagger.
You shoot an arrow.
The arrow hits the orc wizard but does no damage.
The orc wizard is moderately wounded.
The orc wizard barely misses you.
You shoot an arrow.
The arrow closely misses the orc wizard.
The orc wizard misses you.
You shoot an arrow.
The arrow hits the orc wizard but does no damage.
The orc wizard is moderately wounded.
The orc wizard hits you with a +0 dagger.
You shoot an arrow. The arrow hits the orc wizard.
The orc wizard is severely wounded.
The orc wizard completely misses you. The orc barely misses you.
You shoot an arrow. The arrow hits the orc wizard.
The orc wizard is severely wounded.
The orc priest mumbles some strange prayers to Beogh against you.
Beogh smites you!
Ouch! That really hurt!
The orc wizard hits you but does no damage.
The orc hits you with a +0 dagger.
You shoot an arrow. The arrow hits the orc wizard.
The orc wizard is almost dead.
The orc wizard hits you with a +0 dagger.
The orc completely misses you.
You shoot an arrow.
The arrow closely misses the orc wizard.
The orc priest calls down the wrath of Beogh upon you.
Beogh smites you!
Ouch! That really hurt!
You die...

#.#..#..#
#.#..#..#
#.#...#.#
#.###.#.#
#.....#.#
####..#.#
#....#
#####.##.#
#o@...##.#
#o##..##.#
#o#...##.#
#o#....?.#
#.#.##...#
..#. ..##
.### .## .
.#


You could see an orc priest, an orc wizard and 2 orcs.

Vanquished Creatures
  A bombardier beetle (D:3)
  A ribbon worm (D:2)
  A dart slug (D:1)
  8 ball pythons
  4 endoplasms
  3 giant cockroaches (D:1)
  3 goblins
  7 hobgoblins
  3 jackals (D:1)
  A kobold (D:1)
  3 quokkas
  4 bats
  2 frilled lizards
  6 rats
47 creatures vanquished.

Notes
Turn   | Place    | Note
-------+----------+-------------------------------------------
     0 | D:1      | qw the Spriggan Hunter began the quest for the Orb.
     0 | D:1      | Reached XP level 1. HP: 10/10 MP: 2/2
     0 | D:1      | 0 ||| qw: Version: 0.3-a-155-g5e7d8dd
     0 | D:1      | 0 ||| qw: Game counter: 3024
     0 | D:1      | 0 ||| qw: Melee chars always use a shield: true
     0 | D:1      | 0 ||| qw: God list: Okawaru
     0 | D:1      | 0 ||| qw: Allow faded altars: false
     0 | D:1      | 0 ||| qw: Do Orc after clearing Dungeon:15 true
     0 | D:1      | 0 ||| qw: Do second Lair branch before Depths: true
     0 | D:1      | 0 ||| qw: Lair rune preference: random
     0 | D:1      | 0 ||| qw: Goals: Normal
     0 | D:1      | 0 ||| PLANNING D:1-11
    44 | D:1      | Reached skill level 3 in Dodging
    67 | D:1      | Reached XP level 2. HP: 14/14 MP: 3/3
   120 | D:1      | Found Qixtishu's Antique Armour Emporium.
   315 | D:1      | Reached XP level 3. HP: 18/18 MP: 4/4
   369 | D:1      | You fall into a shaft and drop 1 floor!
   369 | D:2      | Found Wureb's Antique Weapon Boutique.
   370 | D:2      | 370 ||| UPGRADING to ring of poison resistance.
   371 | D:2      | 371 ||| READING scroll labelled LORED BUETOALA.
   372 | D:2      | 372 ||| READING scroll labelled OCEEDU COHE.
   373 | D:2      | 373 ||| DROPPING scroll of butterflies.
   473 | D:1      | 473 ||| SHOPLISTING +0 mask of the Dragon {Will+ Slay+3
                  | SInv} (567 gold, have 36).
   473 | D:1      | 473 ||| SHOPLISTING faintly humming robe (96 gold, have
                  | 36).
   503 | D:1      | 503 ||| READING scroll labelled CAKKOWN OXITZ.
   603 | D:2      | 603 ||| SHOPLISTING glowing orcbow (104 gold, have 36).
   620 | D:2      | Found a faded altar of an unknown god.
   672 | D:2      | Found Giastaug's Assorted Antiques.
   681 | D:2      | 681 ||| BUYING murky brown potion (26 gold).
   681 | D:2      | Bought a murky brown potion for 26 gold pieces
   681 | D:2      | 681 ||| SHOPLISTING scroll labelled PAEGIS WONG (29 gold,
                  | have 28).
   723 | D:2      | Found Ziaj's Antique Armour Shoppe.
   729 | D:2      | 729 ||| SHOPLISTING heavily runed robe (171 gold, have 38).
   828 | D:2      | Found Sunnaull's Armour Shoppe.
   835 | D:2      | 835 ||| SHOPLISTING +0 cloak of stealth (149 gold, have
                  | 38).
   835 | D:2      | 835 ||| SHOPLISTING +1 robe of cold resistance (165 gold,
                  | have 38).
  1099 | D:2      | Found Maegeir's Assorted Antiques.
  1105 | D:2      | 1105 ||| BUYING 2 glowing inky potions (41 gold).
  1105 | D:2      | Bought 2 glowing inky potions for 41 gold pieces
  1105 | D:2      | 1105 ||| SHOPLISTING coiled granite ring (115 gold, have
                  | 11).
  1105 | D:2      | 1105 ||| SHOPLISTING glowing inky potion (20 gold, have
                  | 11).
  1105 | D:2      | 1105 ||| SHOPLISTING scroll labelled CYTYTR HEMO (23 gold,
                  | have 11).
  1105 | D:2      | 1105 ||| SHOPLISTING scroll labelled LECECZ RIFE (23 gold,
                  | have 11).
  1105 | D:2      | 1105 ||| SHOPLISTING scroll labelled ROMOKYCV OPRO (23
                  | gold, have 11).
  1327 | D:2      | 1327 ||| READING scroll labelled LID ZORE URU.
  1332 | D:2      | 1332 ||| READING scroll labelled PAEGIS WONG.
  1333 | D:2      | 1333 ||| DRINKING 2 glowing inky potions.
  1334 | D:2      | 1334 ||| DROPPING potion of attraction.
  1379 | D:3      | Reached skill level 5 in Ranged Weapons
  1379 | D:3      | Reached XP level 4. HP: 22/22 MP: 5/5
  1417 | D:3      | HP: 4/22 [orc/+0 dagger (2)]
  1418 | D:3      | HP: 1/22 [orc wizard/+0 dagger (3)]
  1419 | D:3      | Killed from afar by an orc priest

Levels and vault maps discovered:
D:1:      sevenhm_arrival_forest_fort_small_3, layout_basic, serial_shops,
          nicolae_shop_pleasant_corner_grove
D:2:      layout_basic, serial_shops, shop,
          nicolae_shop_temple_entry_statues_fountains, nicolae_shop_tiny_glass,
          nicolae_lakefront_shop, shop, shapermc_ecumenical_altar_gd
D:3:      layout_basic, lemuel_crystal_altar

Skill      XL: |  1  2  3 |
---------------+----------+-----
Dodging        | 3 4 |  4.0
Ranged Weapons | 5 |  5.3
Fighting       | |  1.5
Stealth        | |  1.5

Action                     |  1- 3 |  4- 6 || total
---------------------------+-------+-------++-------
   Fire: Shortbow          |   137 |    17 ||   154
    Use: Scroll            |     5 |       ||     5
         Potion            |     1 |       ||     1
 Armour: Robe              |     7 |     6 ||    13
  Dodge: Dodged            |    14 |     6 ||    20

Table legend:
 A = Non-vault XP
 B = Vault XP
 C = Vault XP percentage of total XP
 D = Non-vault monster count
 E = Vault monster count
 F = Vault count percentage of total count
                 A         B        C        D         E       F
            +---------+---------+-------+---------+---------+-------
      Total |     129 |       0 |   0.0 |      47 |       0 |   0.0
            +---------+---------+-------+---------+---------+-------
        D:1 |      51 |       0 |   0.0 |      30 |       0 |   0.0
        D:2 |      25 |       0 |   0.0 |      13 |       0 |   0.0
        D:3 |      53 |       0 |   0.0 |       4 |       0 |   0.0
            +---------+---------+-------+---------+---------+-------
